 Dungeon Sprint DCSS version 0.28-a0-224-g76b539d98b (webtiles) character file.

Game seed: 3096082380680532428

31 tbh1313 the Magician (level 3, -1/32 HPs)
             Began as a Gnoll Wanderer on Aug 22, 2021.
             Slain by a human (7 damage)
             ... in the Dungeon (Sprint III: "The Ten Rune Challenge").
             The game lasted 00:00:40 (95 turns).

tbh1313 the Magician (Gnoll Wanderer)                 Turns: 95, Time: 00:00:40

Health: -1/32      AC:  2    Str: 14    XL:     3   Next: 22%
Magic:  9/9        EV: 12    Int: 10    God:
Gold:   4          SH:  0    Dex: 10    Spells: 12/12 levels left

rFire   . . .      SeeInvis .   a - +0 mace
rCold   . . .      Faith    .   (no shield)
rNeg    . . .      Spirit   .   b - +0 robe
rPois   .          Reflect  .   (no helmet)
rElec   .          Harm     .   (no cloak)
rCorr   .          Rampage  .   (no gloves)
Will    .....      NoTele   +   (no boots)
Stlth   ++........              (no amulet)
HPRegen 0.10/turn               (no ring)
MPRegen 0.11/turn               (no ring)

@: no status effects
A: fangs 1, strong nose, distributed training
a: no special abilities


You were in the Dungeon.
You visited 1 branch You collected 4 gold pieces.

Inventory:

Hand Weapons
 a - a +0 mace (weapon)
Armour
 b - a +0 robe (worn)
Scrolls
 h - a scroll of blinking
Potions
 c - a potion of curing
 d - a potion of heal wounds
 e - a potion of haste
 f - 2 potions of magic
 g - a potion of berserk rage


   Skills:
 + Level 4.9 Fighting
 + Level 1.9 Short Blades
 + Level 1.9 Long Blades
 + Level 1.9 Axes
 + Level 4.9 Maces & Flails
 + Level 1.9 Polearms
 + Level 1.9 Staves
 + Level 1.9 Slings
 + Level 1.9 Bows
 + Level 1.9 Crossbows
 + Level 3.2 Throwing
 + Level 3.2 Armour
 + Level 1.9 Dodging
 + Level 1.9 Stealth
 + Level 1.9 Shields
 + Level 1.9 Unarmed Combat
 + Level 5.3 Spellcasting
 + Level 1.5 Conjurations
 + Level 1.5 Hexes
 + Level 1.5 Summonings
 + Level 1.5 Necromancy
 + Level 2.6 Translocations
 + Level 1.5 Transmutations
 + Level 1.5 Fire Magic
 + Level 1.5 Ice Magic
 + Level 1.5 Air Magic
 + Level 1.5 Earth Magic
 + Level 1.5 Poison Magic
 + Level 2.1 Invocations
 + Level 3.2 Evocations


You had 12 spell levels left.
You didn't know any spells.
Your spell library contained the following spells:

 Spells                   Type           Power      Damage    Failure   Level
 Animate Skeleton         Necr           10%        N/A       12%         1
 Magic Dart               Conj           20%        1d4       12%         1
 Blink                    Tloc           N/A        N/A       12%         2
 Call Imp                 Summ           5%         N/A       19%         2
 Slow                     Hex            5%         N/A       19%         2
 Conjure Flame            Conj/Fire      5%         6-21      34%         3
 Mephitic Cloud           Conj/Pois/Air  5%         N/A       34%         3
 Vampiric Draining        Necr           2%         2d6       34%         3


Dungeon Overview and Level Annotations

Branches:
Dungeon (1/1)

Altars:


Innate Abilities, Weirdness & Mutations

You have very sharp teeth.
Your uncanny sense of smell can sniff out nearby items.
Your experience applies equally to all skills.


Message History

The human is heavily wounded.
The human closely misses you.
You closely miss the human.
The human is heavily wounded.
The human hits you.
You hit the human but do no damage.
The human is heavily wounded.
The human hits you!
You closely miss the human.
The human is heavily wounded.
The human closely misses you.
You barely miss the human.
The human is heavily wounded.
The human barely misses you. x2
You hit the human but do no damage. Your bite misses the human.
The human is heavily wounded.
The human hits you.
You hit the human.
The human is heavily wounded.
The human hits you.
You closely miss the human.
The human is heavily wounded.
The human hits you.
You closely miss the human.
The human is heavily wounded.
The human closely misses you.
You barely miss the human.
The human is heavily wounded.
The human barely misses you. The human closely misses you.
You barely miss the human.
The human is heavily wounded.
The human hits you!
* * * LOW HITPOINT WARNING * * *
You closely miss the human.
The human is heavily wounded.
The human misses you.
You hit the human. Your bite misses the human.
The human is severely wounded.
The human hits you!
You die...

▓...#......##
▓..##...)...#∆∆
..#∆
▓##.##.##...#∆∆ ..#
##.##.###..# #..#
▓#.####.##..# ...+
▓.###..##..## #...#
▓#.....##..###....#
###..##...##p....#
##..##....#@.....#
#..###..##.#.....#
∆ #..#
#..#####....# ▓▓▓▓
▓▓▓▓ ▓▓▓▓▓ ∆


You could see a human.

Levels and vault maps discovered:
D:        dungeon_sprint_mu [sprint_mu_entry_cave, sprint_mu_temple_rooms,
          sprint_mu_d1_spiders, sprint_mu_d2_genie, sprint_mu_d3_branching,
          sprint_mu_orc_legion, sprint_mu_elf_gauntlet, sprint_mu_hive_nellie,
          sprint_mu_lair_fedhas, sprint_mu_vaults_butterflies,
          sprint_mu_slime_circle, sprint_mu_swamp_cave, sprint_mu_snake_twists,
          sprint_mu_blade_basic, sprint_mu_crypt_fortress,
          sprint_mu_tomb_spiral, sprint_mu_vestibule_basic,
          sprint_mu_gehenna_hellfire, sprint_mu_dis_giant,
          sprint_mu_tartarus_statrot, sprint_mu_cocytus_islands, sprint_mu_zot1]

Notes
Turn   | Place    | Note
-------+----------+-------------------------------------------
     0 | D        | tbh1313 the Gnoll Wanderer began the quest for the Orb.
     0 | D        | tbh1313 set off with the following items: a +0 mace, a +0
                  | robe, a potion of curing, a potion of heal wounds, a potion
                  | of haste, 2 potions of magic, a potion of berserk rage, a
                  | scroll of blinking; and the following spells available to
                  | memorise: Blink, Animate Skeleton, Magic Dart, Call Imp,
                  | Slow, Conjure Flame, Mephitic Cloud, Vampiric Draining
     0 | D        | Reached XP level 1. HP: 20/20 MP: 6/6
    25 | D        | Noticed Jessica
    31 | D        | Killed Jessica
    32 | D        | Reached skill level 1 in Short Blades
    32 | D        | Reached skill level 1 in Long Blades
    32 | D        | Reached skill level 1 in Axes
    32 | D        | Reached skill level 1 in Polearms
    32 | D        | Reached skill level 1 in Staves
    32 | D        | Reached skill level 1 in Slings
    32 | D        | Reached skill level 1 in Bows
    32 | D        | Reached skill level 1 in Crossbows
    32 | D        | Reached skill level 1 in Dodging
    32 | D        | Reached skill level 1 in Stealth
    32 | D        | Reached skill level 1 in Shields
    32 | D        | Reached skill level 1 in Unarmed Combat
    32 | D        | Reached skill level 5 in Spellcasting
    32 | D        | Reached skill level 1 in Conjurations
    32 | D        | Reached skill level 1 in Hexes
    32 | D        | Reached skill level 1 in Summonings
    32 | D        | Reached skill level 1 in Necromancy
    32 | D        | Reached skill level 1 in Transmutations
    32 | D        | Reached skill level 1 in Fire Magic
    32 | D        | Reached skill level 1 in Ice Magic
    32 | D        | Reached skill level 1 in Air Magic
    32 | D        | Reached skill level 1 in Earth Magic
    32 | D        | Reached skill level 1 in Poison Magic
    32 | D        | Reached XP level 2. HP: 23/26 MP: 8/8
    32 | D        | Reached XP level 3. HP: 28/32 MP: 9/9
    95 | D        | Slain by a human

Table legend: (Time is in decaauts)
 A = Elapsed time spent in this place.
 B = Non-inter-level travel time spent in this place.
 C = Inter-level travel time spent in this place.
 D = Time resting spent in this place.
 E = Time spent auto-exploring this place.
 F = Levels seen in this place.
 G = Mean time per level.
                   A        B        C        D        E       F      G
               +--------+--------+--------+--------+--------+-----+--------+
         Total |     99 |     99 |      0 |     31 |     26 |   1 |   99.0 |
       Dungeon |     99 |     99 |      0 |     31 |     26 |   1 |   99.0 |
               +--------+--------+--------+--------+--------+-----+--------+

Top non-repeatable levels by time:
       D: 99 daAuts

Table legend:
 A = Kills in this place as a percentage of kills in entire the game.
 B = Kills by you in this place as a percentage of kills by you in the entire game.
 C = Kills by friends in this place as a percentage of kills by friends in the entire game.
 D = Other kills in this place as a percentage of other kills in the entire game.
 E = Experience gained in this place as a percentage of experience gained in the entire game.
 F = Experience gained in this place divided by the number of levels of this place that you have seen.
                   A       B       C       D       E      F
               +-------+-------+-------+-------+-------+----------------------
         Total | 100.0 | 100.0 |   N/A |   N/A | 100.0 |  45.0
       Dungeon | 100.0 | 100.0 |   N/A |   N/A | 100.0 |  45.0
               +-------+-------+-------+-------+-------+----------------------

Action                   || total
-------------------------++-------
Melee: Mace              ||    26
       Bite              ||     3
 Stab: Sleeping          ||     1
Armor: Robe              ||     1
Dodge: Dodged            ||    16

Vanquished Creatures
  Jessica (D)
  A phantom (D)
  2 endoplasms (D)
4 creatures vanquished.

Vanquished Creatures (others)
  3 plants (D)
3 creatures vanquished.

Grand Total: 7 creatures vanquished
